TOP OF THE 1ST |
Chicago Machine batting - Pitching for Kansas City Kings : LHP Francisco Morales
|
Pitching: LHP Francisco Morales
|
|
Batting: RHB Pablo Sandoval
|
0-0: Ball 1-0: Called Strike 1-1: Reached on error, E5 (Groundball, 56)
|
Batting: SHB José Alomar
|
0-0: Ball 1-0: Called Strike 1-1: Swinging Strike 1-2: Ball Pablo Sandoval steals 2nd base 2-2: Strikes out swinging
|
Batting: RHB Doug Stephens
|
0-0: Called Strike 0-1: Fly out, F3 (Popup, 34)
|
Batting: RHB Will Lott
|
0-0: Ball 1-0: Swinging Strike 1-1: Foul Ball, location: 2F 1-2: Foul Ball, location: 2F 1-2: Strikes out swinging
|
Top of the 1st over - 0 runs, 0 hits, 1 error, 1 left on base; Chicago 0 - Kansas City 0 |
BOTTOM OF THE 1ST |
Kansas City Kings batting - Pitching for Chicago Machine : RHP Francisco Álvarez
|
Pitching: RHP Francisco Álvarez
|
|
Batting: SHB Douglas Taylor
|
0-0: Foul Ball, location: 2F 0-1: Ball 1-1: Foul Ball, location: 2F 1-2: Ball 2-2: Ball 3-2: Base on Balls
|
Batting: RHB Chris Chandler
|
0-0: Ball Throwing error on steal attempt, E2 Douglas Taylor to third 1-0: Called Strike 1-1: Ball 2-1: DOUBLE (Flyball, 78XD) Douglas Taylor scores
|
Batting: RHB Toshimichi Kono
|
0-0: Swinging Strike 0-1: Foul Ball, location: 2F 0-2: Ball 1-2: Fly out, F8 (Flyball, 8RXD) Runner from 2nd tags up, SAFE at 3rd, no throw
|
Batting: RHB Dave Parker
|
0-0: Called Strike 0-1: Foul Ball, location: 2F 0-2: Ball 1-2: Ball 2-2: SINGLE (Groundball, 56D) Chris Chandler scores
|
Batting: LHB Luis González
|
0-0: Ball 1-0: DOUBLE (Line Drive, 7D) Dave Parker to third
|
Batting: RHB Eduardo García
|
0-0: SINGLE (Groundball, 6) (infield hit) Dave Parker scores Luis González to third
|
Batting: RHB Cy Keynes
|
0-0: Grounds into double play, 4-6-3 (Groundball, 4)
|
Bottom of the 1st over - 3 runs, 4 hits, 1 error, 1 left on base; Chicago 0 - Kansas City 3 |
TOP OF THE 2ND |
Chicago Machine batting - Pitching for Kansas City Kings : LHP Francisco Morales
|
Batting: LHB Bernardo Montés
|
0-0: Ground out 4-3 (Groundball, 4)
|
Batting: RHB Roberto Tobías
|
0-0: Swinging Strike 0-1: Ball 1-1: Ball 2-1: DOUBLE (Line Drive, 89D)
|
Batting: RHB Kelly Graham
|
0-0: Ball 1-0: Ball 2-0: Ball 3-0: Called Strike 3-1: Fly out, F7 (Flyball, 78S)
|
Batting: SHB Edward Bartlett
|
0-0: Ground out 3-1 (Groundball, 34)
|
Top of the 2nd over - 0 runs, 1 hit, 0 errors, 1 left on base; Chicago 0 - Kansas City 3 |
BOTTOM OF THE 2ND |
Kansas City Kings batting - Pitching for Chicago Machine : RHP Francisco Álvarez
|
Batting: RHB Rafael Carreón
|
0-0: Ball 1-0: Called Strike 1-1: Fly out, F7 (Flyball, 7D)
|
Batting: LHB Ron Crawford
|
0-0: Fly out, F7 (Flyball, 7LD)
|
Batting: SHB Douglas Taylor
|
0-0: Ball 1-0: SINGLE (Flyball, 89S)
|
Batting: RHB Chris Chandler
|
0-0: Ball 1-0: Ball 2-0: Called Strike 2-1: Foul Ball, location: 2F 2-2: Strikes out looking
|
Bottom of the 2nd over - 0 runs, 1 hit, 0 errors, 1 left on base; Chicago 0 - Kansas City 3 |
TOP OF THE 3RD |
Chicago Machine batting - Pitching for Kansas City Kings : LHP Francisco Morales
|
Batting: LHB Burt Ward
|
0-0: Ball 1-0: Ground out 4-3 (Groundball, 4S)
|
Batting: RHB Pablo Sandoval
|
0-0: Foul Ball, location: 2F 0-1: Ball 1-1: DOUBLE (Flyball, 78D)
|
Batting: SHB José Alomar
|
0-0: Called Strike 0-1: Called Strike 0-2: Ball 1-2: SINGLE (Line Drive, 8RS) Pablo Sandoval to third Runner from 3rd tries for Home, SAFE, no throw
|
Batting: RHB Doug Stephens
|
0-0: Called Strike 0-1: Ball 1-1: Ball 2-1: Ball 3-1: SINGLE (Flyball, 3D) José Alomar to second Runner from 2nd tries for 3rd, SAFE, throw made to third
|
Batting: RHB Will Lott
|
0-0: Foul Ball, location: 2F 0-1: Called Strike 0-2: Strikes out swinging
|
Batting: LHB Bernardo Montés
|
0-0: Fly out, F8 (Flyball, 8LS)
|
Top of the 3rd over - 1 run, 3 hits, 0 errors, 2 left on base; Chicago 1 - Kansas City 3 |
BOTTOM OF THE 3RD |
Kansas City Kings batting - Pitching for Chicago Machine : RHP Francisco Álvarez
|
Batting: RHB Toshimichi Kono
|
0-0: Ball 1-0: Ball 2-0: Called Strike 2-1: Foul Ball, location: 2F 2-2: Strikes out swinging
|
Batting: RHB Dave Parker
|
0-0: Ball 1-0: Foul Ball, location: 2F 1-1: Ball 2-1: Ball 3-1: Called Strike 3-2: Fly out, F9 (Flyball, 89D)
|
Batting: LHB Luis González
|
0-0: Fly out, F8 (Flyball, 8LXD)
|
Bottom of the 3rd over - 0 runs, 0 hits, 0 errors, 0 left on base; Chicago 1 - Kansas City 3 |
TOP OF THE 4TH |
Chicago Machine batting - Pitching for Kansas City Kings : LHP Francisco Morales
|
Batting: RHB Roberto Tobías
|
0-0: Ball 1-0: Called Strike 1-1: Ball 2-1: Ball 3-1: SINGLE (Line Drive, 4M)
|
Batting: RHB Kelly Graham
|
0-0: Called Strike 0-1: Ball 1-1: Ball 2-1: Grounds into double play, 6-4-3 (Groundball, 6)
|
Batting: SHB Edward Bartlett
|
0-0: SINGLE (Line Drive, 6D)
|
Batting: LHB Burt Ward
|
0-0: Ball 1-0: Called Strike 1-1: SINGLE (Groundball, 6M) (infield hit) Edward Bartlett to second
|
Batting: RHB Pablo Sandoval
|
0-0: Called Strike 0-1: Ball 1-1: Ball 2-1: Foul Ball, location: 2F 2-2: Ball 3-2: Reached on error, E6 (Groundball, 6) Edward Bartlett to third Burt Ward to second
|
Batting: SHB José Alomar
|
0-0: Ball 1-0: Called Strike 1-1: Called Strike 1-2: Ball 2-2: Foul Ball, location: 2F 2-2: Ball 3-2: DOUBLE (Flyball, 8LD) Edward Bartlett scores Burt Ward scores Pablo Sandoval to third Pablo Sandoval scores
|
Batting: RHB Doug Stephens
|
0-0: Called Strike 0-1: Ball 1-1: Ball 2-1: Ball 3-1: Foul Ball, location: 2F 3-2: Base on Balls
|
Batting: RHB Will Lott
|
0-0: Fly out, F6 (Line Drive, 6)
|
Top of the 4th over - 3 runs, 4 hits, 1 error, 2 left on base; Chicago 4 - Kansas City 3 |
BOTTOM OF THE 4TH |
Kansas City Kings batting - Pitching for Chicago Machine : RHP Francisco Álvarez
|
Batting: RHB Eduardo García
|
0-0: Called Strike 0-1: Swinging Strike 0-2: Fly out, F7 (Line Drive, 7)
|
Batting: RHB Cy Keynes
|
0-0: Ball 1-0: Ball 2-0: Ground out 6-3 (Groundball, 6M)
|
Batting: RHB Rafael Carreón
|
0-0: SOLO HOME RUN (Flyball, 7D), Distance : 368 ft
|
Batting: LHB Ron Crawford
|
0-0: Ground out 4-3 (Groundball, 34D)
|
Bottom of the 4th over - 1 run, 1 hit, 0 errors, 0 left on base; Chicago 4 - Kansas City 4 |
TOP OF THE 5TH |
Chicago Machine batting - Pitching for Kansas City Kings : LHP Francisco Morales
|
Batting: LHB Bernardo Montés
|
0-0: Swinging Strike 0-1: Foul Ball, location: 2F 0-2: Foul Ball, location: 2F 0-2: Ball 1-2: Strikes out swinging
|
Batting: RHB Roberto Tobías
|
0-0: Foul Ball, location: 2F 0-1: Ball 1-1: Called Strike 1-2: Strikes out swinging
|
Batting: RHB Kelly Graham
|
0-0: Swinging Strike 0-1: Ball 1-1: Fly out, F8 (Flyball, 8LXD)
|
Top of the 5th over - 0 runs, 0 hits, 0 errors, 0 left on base; Chicago 4 - Kansas City 4 |
BOTTOM OF THE 5TH |
Kansas City Kings batting - Pitching for Chicago Machine : RHP Francisco Álvarez
|
Batting: SHB Douglas Taylor
|
0-0: Ball 1-0: Ball 2-0: Ball 3-0: Called Strike 3-1: SINGLE (Groundball, 6MS) (infield hit)
|
Batting: RHB Chris Chandler
|
0-0: Called Strike 0-1: Ball 1-1: Ball 2-1: Called Strike 2-2: Fly out, F8 (Flyball, 78M)
|
Batting: RHB Toshimichi Kono
|
0-0: Fly out, F8 (Flyball, 8LS)
|
Batting: RHB Dave Parker
|
0-0: Called Strike 0-1: Ball 1-1: Ball 2-1: Ball 3-1: DOUBLE (Line Drive, 7LM) Douglas Taylor to third Runner from 3rd tries for Home, SAFE, no throw
|
Batting: LHB Luis González
|
0-0: Swinging Strike 0-1: Called Strike 0-2: Ball 1-2: Ball 2-2: 2-RUN HOME RUN (Flyball, 9LD), Distance : 373 ft
|
Batting: RHB Eduardo García
|
0-0: Called Strike 0-1: Foul Ball, location: 2F 0-2: Ball 1-2: Ball 2-2: Foul Ball, location: 2F 2-2: SINGLE (Flyball, 8RS)
|
Pitching: RHP Steve Snyder
|
|
Batting: RHB Cy Keynes
|
0-0: Called Strike 0-1: Foul Ball, location: 2F 0-2: Ball 1-2: Ball 2-2: Foul Ball, location: 2F 2-2: Ball 3-2: Fly out, F6 (Popup, 6MS)
|
Bottom of the 5th over - 3 runs, 4 hits, 0 errors, 1 left on base; Chicago 4 - Kansas City 7 |
TOP OF THE 6TH |
Chicago Machine batting - Pitching for Kansas City Kings : LHP Francisco Morales
|
Batting: SHB Edward Bartlett
|
0-0: Called Strike 0-1: Ball 1-1: SINGLE (Line Drive, 8LS)
|
Batting: LHB Burt Ward
|
0-0: Called Strike 0-1: Foul Ball, location: 2F 0-2: Fielders Choice at 2nd, 1-6 (Groundball, 13)
|
Batting: RHB Pablo Sandoval
|
0-0: Called Strike 0-1: Ball 1-1: Reached on error, E5 (Groundball, 56) Burt Ward to second
|
Batting: SHB José Alomar
|
0-0: Ball 1-0: Ball 2-0: Foul Ball, location: 2F 2-1: Called Strike 2-2: SINGLE (Groundball, 4MD) Burt Ward to third Pablo Sandoval to second Runner from 3rd tries for Home, SAFE, no throw
|
Pitching: LHP Rob Lucas
|
|
Batting: RHB Doug Stephens
|
0-0: Ball 1-0: Called Strike 1-1: Foul Ball, location: 2F 1-2: SINGLE (Groundball, 6D) Pablo Sandoval to third José Alomar to second Runner from 3rd tries for Home, SAFE, throw made home
|
Batting: RHB Will Lott
|
0-0: Called Strike 0-1: Fly out, F8 (Flyball, 8RXD) Runner from 2nd tags up, SAFE at 3rd, no throw
|
Batting: LHB Bernardo Montés
|
0-0: Ball 1-0: SINGLE (Line Drive, 8RS) José Alomar scores Doug Stephens to second
|
Batting: RHB Roberto Tobías
|
0-0: Called Strike 0-1: Swinging Strike 0-2: Ball 1-2: Ball 2-2: Strikes out swinging
|
Top of the 6th over - 3 runs, 4 hits, 1 error, 2 left on base; Chicago 7 - Kansas City 7 |
BOTTOM OF THE 6TH |
Kansas City Kings batting - Pitching for Chicago Machine : RHP Steve Snyder
|
Batting: RHB Rafael Carreón
|
0-0: Called Strike 0-1: Foul Ball, location: 2F 0-2: Ball 1-2: Ball 2-2: Ball 3-2: Base on Balls
|
Batting: LHB Ron Crawford
|
0-0: Ball 1-0: Ground out 5-3 (Groundball, 25) Rafael Carreón to second
|
Batting: SHB Douglas Taylor
|
0-0: Called Strike 0-1: Foul Ball, location: 2F 0-2: SINGLE (Groundball, 25) (infield hit) Rafael Carreón to third
|
Batting: RHB Chris Chandler
|
0-0: Called Strike Douglas Taylor is caught stealing 2nd base 0-1: Foul Ball, location: 2F 0-2: Ball 1-2: Ball Wild Pitch! Rafael Carreón scores 2-2: Foul Ball, location: 2F 2-2: SINGLE (Groundball, 6MD)
|
Batting: RHB Toshimichi Kono
|
0-0: Called Strike 0-1: Foul Ball, location: 2F 0-2: Ball 1-2: Ball 2-2: Foul Ball, location: 2F 2-2: Ball 3-2: SINGLE (Flyball, 8LS) Chris Chandler to second Chris Chandler to third
|
Batting: RHB Dave Parker
|
0-0: Swinging Strike 0-1: Foul Ball, location: 2F 0-2: Ball 1-2: Ball 2-2: Foul Ball, location: 2F 2-2: Foul Ball, location: 2F 2-2: 3-RUN HOME RUN (Flyball, 8RXD), Distance : 388 ft
|
Pitching: RHP Garrett Bell
|
|
Batting: LHB Luis González
|
0-0: Foul Ball, location: 2F 0-1: Called Strike 0-2: Ball 1-2: Strikes out swinging
|
Bottom of the 6th over - 4 runs, 4 hits, 0 errors, 0 left on base; Chicago 7 - Kansas City 11 |
TOP OF THE 7TH |
Chicago Machine batting - Pitching for Kansas City Kings : LHP Rob Lucas
|
Batting: RHB Kelly Graham
|
0-0: Ground out 5-3 (Groundball, 5L)
|
Batting: SHB Edward Bartlett
|
0-0: SINGLE (Groundball, 56D)
|
Batting: LHB Burt Ward
|
0-0: Called Strike 0-1: Foul Ball, location: 2F 0-2: Foul Ball, location: 2F 0-2: Ball 1-2: Strikes out swinging
|
Batting: RHB Pablo Sandoval
|
0-0: Ground out 4-3 (Groundball, 34)
|
Top of the 7th over - 0 runs, 1 hit, 0 errors, 1 left on base; Chicago 7 - Kansas City 11 |
BOTTOM OF THE 7TH |
Kansas City Kings batting - Pitching for Chicago Machine : RHP Garrett Bell
|
Batting: RHB Eduardo García
|
0-0: Ball 1-0: Called Strike 1-1: Ball 2-1: SINGLE (Groundball, 6MD)
|
Batting: RHB Cy Keynes
|
0-0: Foul Ball, location: 2F 0-1: Foul Ball, location: 2F 0-2: Foul Ball, location: 2F 0-2: Ball 1-2: Ball 2-2: Ball 3-2: Ground out 5-3 (Groundball, 56S) Eduardo García to second
|
Batting: RHB Rafael Carreón
|
0-0: Ball 1-0: Called Strike 1-1: Fly out, F7 (Flyball, 7S)
|
Batting: LHB Ron Crawford
|
0-0: Called Strike 0-1: Ball 1-1: Swinging Strike 1-2: Strikes out looking
|
Bottom of the 7th over - 0 runs, 1 hit, 0 errors, 1 left on base; Chicago 7 - Kansas City 11 |
TOP OF THE 8TH |
Chicago Machine batting - Pitching for Kansas City Kings : LHP Rob Lucas
|
Batting: SHB José Alomar
|
0-0: Called Strike 0-1: Swinging Strike 0-2: Strikes out swinging
|
Batting: RHB Doug Stephens
|
0-0: SOLO HOME RUN (Flyball, 7LD), Distance : 370 ft
|
Batting: RHB Will Lott
|
0-0: Ball 1-0: DOUBLE (Flyball, 8RXD)
|
Batting: LHB Bernardo Montés
|
0-0: Called Strike 0-1: Ball 1-1: SINGLE (Line Drive, 6D) Will Lott to third
|
Batting: RHB Roberto Tobías
|
0-0: Ball 1-0: Reached on error, E5 (Groundball, 56S) Will Lott scores Bernardo Montés to third
|
Pitching: RHP Alberto Bonilla
|
|
Batting: RHB Kelly Graham
|
0-0: Called Strike 0-1: Ball 1-1: Foul Ball, location: 2F 1-2: Ball 2-2: Foul Ball, location: 2F 2-2: Foul Ball, location: 2F 2-2: Strikes out looking
|
Batting: SHB Edward Bartlett
|
0-0: Ball 1-0: Called Strike 1-1: Called Strike 1-2: Ball 2-2: Ball 3-2: SINGLE (Line Drive, 5D) Bernardo Montés scores Roberto Tobías to third Roberto Tobías scores
|
Pitching: LHP Manuel Parra
|
|
Pinch Hitting: SHB Clint Woods
|
0-0: Ball 1-0: Called Strike 1-1: SINGLE (Line Drive, 34D) Edward Bartlett to second Runner from 2nd tries for 3rd, SAFE, no throw
|
Pitching: RHP Gene McNeil
|
|
Batting: RHB Pablo Sandoval
|
0-0: Foul Ball, location: 2F 0-1: SINGLE (Groundball, P) (infield hit) Edward Bartlett scores Clint Woods to second
|
Pinch Runner at 2nd Tanyu Imai:
|
|
Batting: SHB José Alomar
|
0-0: Called Strike 0-1: Ground out 4-3 (Groundball, 4)
|
Top of the 8th over - 5 runs, 6 hits, 1 error, 2 left on base; Chicago 12 - Kansas City 11 |
BOTTOM OF THE 8TH |
Kansas City Kings batting - Pitching for Chicago Machine : RHP Garrett Bell
|
Now in RF: Tanyu Imai
|
|
Batting: SHB Douglas Taylor
|
0-0: Called Strike 0-1: Ball 1-1: Ball 2-1: Swinging Strike 2-2: Foul Ball, location: 2F 2-2: Foul Ball, location: 2F 2-2: SINGLE (Flyball, 78M)
|
Pitching: RHP Chris Mitchell
|
|
Batting: RHB Chris Chandler
|
0-0: Bunted foul 0-1: Ball 1-1: Bunted foul 1-2: Ball 2-2: Ball 3-2: Ground out 5-3 (Groundball, 25) Douglas Taylor to second
|
Batting: RHB Toshimichi Kono
|
0-0: Ball 1-0: Ball 2-0: Called Strike 2-1: Foul Ball, location: 2F 2-2: Strikes out swinging
|
Batting: RHB Dave Parker
|
0-0: Ball 1-0: Swinging Strike 1-1: 2-RUN HOME RUN (Flyball, 7LD), Distance : 370 ft
|
Batting: LHB Luis González
|
0-0: Ball 1-0: Called Strike 1-1: Swinging Strike 1-2: Foul Ball, location: 2F 1-2: Ball 2-2: Ground out U3 (Groundball, 3L)
|
Bottom of the 8th over - 2 runs, 2 hits, 0 errors, 0 left on base; Chicago 12 - Kansas City 13 |
TOP OF THE 9TH |
Chicago Machine batting - Pitching for Kansas City Kings : RHP Gene McNeil
|
Pitching: RHP Nick Parks
|
|
Batting: RHB Doug Stephens
|
0-0: Ball 1-0: Foul Ball, location: 2F 1-1: Swinging Strike 1-2: Strikes out looking
|
Batting: RHB Will Lott
|
0-0: Ball 1-0: Ball 2-0: Fly out, F3 (Popup, 3S)
|
Batting: LHB Bernardo Montés
|
0-0: Foul Ball, location: 2F 0-1: Swinging Strike 0-2: Ground out 6-3 (Groundball, 6)
|
Top of the 9th over - 0 runs, 0 hits, 0 errors, 0 left on base; Chicago 12 - Kansas City 13 |
|